Map: Old Republic LE

Players

Indy - Winner!

  • Race: Terran Terran
  • Spawn Location: 7:00

A.I. 1 (Elite)

  • Race: Zerg Zerg
  • Spawn Location: 1:00

VOD

Have the link to the VOD?

Description

Time

  • Played on: Dec. 10, 2025, 4:10 p.m.
  • Length: 10:54
Show
View Real Time Build Order
Export as new Build Order

Indy Terran - Winner!

Build Orders: Reaper Expand 

Get SALT Encoding   

  12  0:00  SCV  
  13  0:12  SCV  
  14  0:17  Supply Depot  
  14  0:24  SCV  
  15  0:38  SCV  
  15  0:39  Barracks  
  16  0:44  Refinery  
  16  0:50  SCV  
  17  1:02  SCV  
  18  1:14  SCV  
  19  1:27  Orbital Command, Reaper  
  20  1:40  Command Center  
  20  1:53  SCV  
  21  1:59  Marine, Supply Depot  
  22  2:05  SCV  
  23  2:08  Factory  
  23  2:20  Barracks Reactor, SCV  
  24  2:32  SCV  
  25  2:40  Command Center  
  25  2:44  SCV  
  26  2:51  Orbital Command  
  26  2:59  Starport  
  26  3:01  SCV  
  27  3:08  Refinery  
  27  3:13  SCV, Hellion  
  27  3:16  Barracks Tech Lab  
  30  3:20  SCV  
  30  3:26  SCV  
  32  3:32  SCV  
  33  3:34  Hellion  
  33  3:35  Hellion  
  33  3:40  SCV  
  38  3:41  Banshee  
  38  3:44  SCV  
  38  3:46  Barracks Tech Lab  
  42  3:52  Orbital Command, SCV  
  43  3:56  SCV  
  43  3:58  Hellion  
  43  3:59  Hellion  
  48  4:04  SCV  
  48  4:06  Marine  
  48  4:07  Cloaking Field  
  48  4:08  SCV  
  51  4:16  SCV  
  52  4:18  SCV  
  52  4:20  SCV, Supply Depot  
  54  4:24  Banshee  
  54  4:30  Marine  
  58  4:32  Barracks  
  58  4:33  Barracks  
  58  4:35  Factory Reactor  
  58  4:36  SCV x3  
  61  4:40  Supply Depot  
  61  4:43  Supply Depot  
  61  4:48  SCV x3  
  61  4:49  Refinery  
  61  4:51  Refinery  
  61  4:52  Stimpack  
  64  4:55  Marine  
  65  5:00  SCV x3  
  65  5:05  Supply Depot  
  68  5:10  Engineering Bay  
  68  5:11  Engineering Bay  
  68  5:13  SCV x2  
  68  5:14  SCV  
  71  5:16  Marine  
  72  5:25  SCV  
  72  5:26  SCV  
  72  5:28  Barracks  
  74  5:29  Barracks, Marine x2  
  74  5:34  Marine x2  
  74  5:35  Marine  
  78  5:36  Orbital Command, Siege Tank  
  78  5:39  Starport Reactor  
  78  5:40  SCV x2  
  78  5:42  Terran Infantry Weapons Level 1  
  85  5:44  Terran Infantry Armor Level 1  
  84  5:52  Supply Depot x2  
  84  5:53  Marine  
  84  5:54  Marine x3  
  84  5:55  Marine  
  84  5:56  SCV  
  90  6:01  SCV  
  90  6:02  SCV  
  92  6:09  SCV  
  93  6:13  Marine x5  
  93  6:14  SCV x2  
  93  6:17  Barracks Reactor x2  
  100  6:21  SCV  
  100  6:24  Medivac  
  106  6:26  SCV x2  
  106  6:27  Medivac  
  106  6:31  Combat Shield  
  107  6:33  Supply Depot  
  107  6:34  Supply Depot  
  107  6:35  SCV  
  107  6:37  Supply Depot  
  107  6:38  SCV, Refinery, Supply Depot  
  109  6:46  Armory  
  109  6:54  Siege Tank, SCV, Marine x4  
  109  6:55  SCV x2, Marine  
  109  6:56  Marine x4  
  109  6:58  Medivac x2  
  128  7:12  Marine x4  
  132  7:16  Barracks  
  132  7:17  Barracks  
  132  7:18  Barracks  
  132  7:20  Marine  
  132  7:21  Marauder, Marine x3  
  138  7:26  Siege Tank  
  138  7:28  Supply Depot  
  138  7:29  Supply Depot x2  
  141  7:31  Supply Depot  
  141  7:36  Marine x4  
  145  7:39  Medivac  
  145  7:41  Medivac  
  149  7:50  Concussive Shells  
  140  7:52  Marine x3  
  140  7:53  Marine  
  140  7:54  Marauder  
  140  7:55  Marine x4  
  150  7:59  Siege Tank  
  150  8:00  Supply Depot x2  
  150  8:04  Barracks Tech Lab  
  150  8:05  Barracks Tech Lab x2  
  153  8:11  Marine x2  
  153  8:12  Terran Infantry Armor Level 2, Terran Infantry Weapons Level 2  
  155  8:28  Marauder x4, Marine x5  
  155  8:29  Marine  
  155  8:30  Marine x2  
  155  8:32  Siege Tank  
  155  8:33  Medivac  
  176  8:35  Medivac  
  178  8:50  Marauder x3, Marine  
  178  8:51  Marauder, Marine x7  
  194  9:12  Supply Depot  
  194  9:15  Command Center  
  194  9:21  Marauder x2  
  200  9:43  Marauder  
  198  9:51  Marauder x3, Marine x3  
  198  10:03  Marine x3  
  198  10:04  Marauder  
  198  10:07  Marine x2  
  198  10:08  Marine  
  198  10:09  Marine  
  198  10:12  Marauder  
  198  10:13  Marauder  
  183  10:26  Marauder  
  170  10:33  Marine x2  
Show
View Real Time Build Order
Export as new Build Order

A.I. 1 (Elite) Zerg 

Build Orders: Pool First 

Get SALT Encoding   

  12  0:00  Drone  
  13  0:13  Overlord  
  13  0:16  Drone  
  14  0:31  Drone x2  
  16  0:43  Spawning Pool  
  16  0:45  Drone  
  16  0:49  Drone  
  17  1:13  Drone, Hatchery  
  17  1:15  Extractor  
  17  1:17  Drone  
  17  1:20  Drone  
  18  1:28  Drone  
  19  1:38  Overlord  
  19  1:48  Queen  
  19  1:49  Drone  
  22  2:00  Zergling x2  
  22  2:11  Drone  
  23  2:21  Drone  
  24  2:24  Queen, Drone  
  24  2:27  Roach Warren  
  26  2:32  Zergling x2  
  26  2:36  Drone  
  27  2:39  Extractor  
  27  2:43  Drone  
  27  2:48  Overlord  
  27  2:54  Drone  
  27  2:57  Drone  
  29  3:04  Drone  
  30  3:06  Drone x2  
  30  3:07  Zergling x2  
  30  3:09  Zergling x2  
  34  3:15  Roach  
  34  3:19  Roach  
  38  3:26  Roach  
  40  3:30  Roach  
  40  3:31  Drone  
  40  3:32  Drone  
  44  3:37  Overlord  
  44  3:44  Lair  
  44  3:48  Metabolic Boost  
  44  3:53  Overlord  
  44  3:56  Drone  
  44  3:58  Drone  
  44  4:00  Drone  
  47  4:03  Zergling x2  
  47  4:05  Zergling x2  
  47  4:07  Zergling x2  
  50  4:12  Evolution Chamber  
  50  4:14  Drone  
  50  4:19  Drone  
  50  4:20  Evolution Chamber  
  50  4:21  Drone  
  50  4:23  Drone  
  52  4:25  Drone  
  52  4:28  Drone  
  54  4:40  Zerg Missile Weapons Level 1  
  54  4:45  Drone, Zerg Ground Armor Level 1, Hydralisk Den  
  54  4:48  Overlord  
  54  4:51  Roach  
  56  4:54  Roach  
  58  5:06  Drone x2, Overlord  
  60  5:07  Drone, Extractor  
  60  5:09  Drone  
  60  5:11  Drone  
  60  5:13  Drone  
  63  5:15  Drone, Hydralisk  
  63  5:18  Hydralisk  
  68  5:24  Drone, Overlord  
  68  5:26  Drone  
  68  5:28  Drone  
  71  5:31  Overseer  
  71  5:32  Drone  
  71  5:33  Drone  
  71  5:34  Drone  
  74  5:36  Drone  
  74  5:38  Drone  
  76  5:44  Infestation Pit  
  76  5:47  Overlord  
  76  5:50  Drone  
  76  5:52  Roach  
  76  5:54  Roach  
  76  5:56  Roach  
  82  6:05  Overlord  
  82  6:06  Roach  
  84  6:11  Evolution Chamber  
  84  6:13  Drone  
  84  6:17  Hatchery  
  84  6:18  Drone, Ravager  
  84  6:21  Roach, Infestor  
  88  6:29  Extractor  
  87  6:34  Zerg Melee Weapons Level 1  
  87  6:40  Overlord, Infestor  
  89  6:49  Ravager  
  89  6:51  Drone x2  
  89  6:52  Drone  
  89  6:53  Roach  
  95  6:57  Hydralisk  
  95  6:58  Overlord  
  97  7:02  Hydralisk  
  99  7:12  Spine Crawler  
  99  7:15  Drone, Spine Crawler, Infestor  
  100  7:29  Drone x2, Hydralisk  
  102  7:30  Drone x4  
  102  7:31  Drone x3  
  102  7:32  Drone  
  106  7:38  Extractor  
  106  7:40  Drone x3, Overlord  
  106  7:41  Roach  
  106  7:42  Baneling Nest  
  109  7:44  Drone  
  109  7:45  Drone x2, Hydralisk  
  109  7:50  Drone  
  112  7:51  Extractor  
  112  7:52  Drone  
  112  7:55  Drone, Ravager  
  114  8:01  Drone  
  114  8:02  Overlord  
  116  8:05  Drone  
  116  8:12  Drone x2  
  118  8:13  Drone x3  
  118  8:16  Infestor  
  118  8:17  Drone, Roach x2  
  128  8:22  Overlord  
  128  8:25  Baneling  
  128  8:26  Roach, Baneling x5  
  130  8:28  Zergling x2  
  130  8:33  Roach  
  133  8:35  Spore Crawler  
  133  8:36  Drone  
  133  8:37  Spore Crawler  
  133  8:38  Drone  
  133  8:41  Baneling x2  
  133  8:43  Baneling  
  133  8:44  Zergling x6, Baneling, Overlord  
  133  8:46  Baneling  
  133  8:47  Zergling x2, Baneling  
  133  8:48  Zergling x4  
  138  8:49  Baneling  
  138  8:50  Zergling x2  
  138  8:55  Zergling x2  
  141  8:58  Zergling x2  
  141  9:00  Zergling x2  
  143  9:05  Queen, Overlord  
  145  9:12  Hatchery  
  145  9:15  Zergling x2, Baneling x2  
  145  9:23  Overlord  
  145  9:25  Hydralisk  
  145  9:26  Spine Crawler  
  145  9:27  Zergling x2  
  145  9:28  Zergling x2  
  148  9:36  Zergling x2  
  148  9:37  Spire  
  143  9:40  Spine Crawler, Roach  
  143  9:42  Spine Crawler  
  143  9:43  Drone  
  140  9:45  Queen, Hydralisk  
  140  9:48  Lurker Den, Zergling x2, Baneling x2  
  140  9:51  Zergling x2  
  140  9:53  Baneling  
  140  9:55  Overlord  
  140  9:56  Zergling x2  
  134  10:03  Roach  
  134  10:05  Drone, Baneling Nest, Roach  
  121  10:07  Drone  
  121  10:08  Drone  
  121  10:09  Drone x2  
  121  10:10  Drone, Zergling x2  
  121  10:13  Drone  
  100  10:15  Drone  
  100  10:20  Overlord  
Tags
 
Add a new tag
Caveats
  • Supply blocks, unpowered buildings, or Contaminate may cause inaccurate times.
  • Supply counts are checked every 10 seconds.